 Dungeon Crawl Stone Soup version 0.30-a0-782-ge64f9170bb (webtiles) character file.

Game seed: 13743319094917059290

98071 Conn the Thaumaturge (level 16, -12/72 HPs)
             Began as an Octopode Fire Elementalist on Feb 22, 2023.
             Was an Elder of Sif Muna.
             Killed from afar by a wretched star (15 damage)
             ... with a lance of force
             ... on level 3 of the Abyss.
             The game lasted 02:31:35 (22188 turns).

Conn the Thaumaturge (Octopode Fire Elementalist)  Turns: 22188, Time: 02:31:35

Health: -12/72     AC: -1    Str: 12    XL:     16   Next: 21%
Magic:  28/52      EV: 15    Int: 23    God:    Sif Muna [****..]
Gold:   1145       SH:  0    Dex: 24    Spells: 5/43 levels left

rFire   + . .      SeeInvis +    G - +4 war axe "Zowkos" {pain, Contam Dex+6 SInv}
rCold   . . .      Faith    .    k - +2 kite shield
rNeg    . . .      Spirit   .    F - +2 hat
rPois   +          Reflect  .    t - amulet of magic regeneration
rElec   .          Harm     .    X - ring of protection from fire
rCorr   +          Rampage  .    C - +4 ring of protection
Will    +....                    H - ring of resist corrosion
Stlth   +++                      L - ring of magical power
HPRegen 0.32/turn                g - ring of magical power
MPRegen 0.73/turn                R - ring of poison resistance
                                 b - ring of flight
                                 S - +6 ring of strength

@: confused, about to teleport, ambrosia-drunk, corroded, flying, studying
Unarmed Combat
A: almost no armour, amphibious, 8 rings, camouflage 1, gelatinous body 1,
(nimble swimmer 1), tentacles, tentacle spike 1, agile 1, [frail 2], [subdued
magic 2]
a: Renounce Religion, Channel Magic, Forget Spell, Divine Exegesis


You were on level 3 of the Abyss.
You worshipped Sif Muna.
Sif Muna was greatly pleased with you.
You visited 4 branches of the dungeon, and saw 22 of its levels.
You visited the Abyss 1 time.
You also visited: Volcano.

You collected 2707 gold pieces.
You spent 1562 gold pieces at shops.

Inventory:

Hand Weapons
 c - a +0 short sword
 h - a +2 vampiric dagger
 G - the +4 war axe "Zowkos" (weapon) {pain, Contam Dex+6 SInv}
   (You bought it in a shop on level 2 of the Orcish Mines)

   Dex:       It affects your dexterity (+6).
   SInv:      It lets you see invisible.
   Contam:    It causes magical contamination when unequipped.
 K - a +2 dagger of electrocution
 M - a +5 morningstar of protection
Missiles
 z - 5 throwing nets
 N - a curare-tipped dart
Armour
 k - a +2 kite shield (worn)
 F - a +2 hat (worn)
Jewellery
 b - a ring of flight (on tentacle)
 g - a ring of magical power (on tentacle)
 i - a ring of see invisible
 t - an amulet of magic regeneration (around mantle)
 x - an amulet of the acrobat
 B - an amulet of regeneration
 C - a +4 ring of protection (right tentacle)
 D - an amulet of faith
 H - a ring of resist corrosion (on tentacle)
 L - a ring of magical power (on tentacle)
 R - a ring of poison resistance (on tentacle)
 S - a +6 ring of strength (on tentacle)
 X - a ring of protection from fire (left tentacle)
Wands
 f - a wand of paralysis (18)
 s - a wand of flame (14)
 v - a wand of iceblast (25)
 w - a wand of polymorph (19)
 y - a wand of light (14)
 O - a wand of mindburst (5)
Scrolls
 e - 4 scrolls of magic mapping
 j - a scroll of torment
 m - 4 scrolls of teleportation
 o - 3 scrolls of fog
 p - 3 scrolls of amnesia
 q - 5 scrolls of poison
 P - 4 scrolls of identify
 Q - 2 scrolls of immolation
 W - a scroll of brand weapon
Potions
 a - 4 potions of magic
 d - 5 potions of attraction
 l - a potion of curing
 n - 3 potions of brilliance
 r - 11 potions of ambrosia
 A - a potion of berserk rage
 I - 2 potions of mutation
 J - 3 potions of resistance
 U - a potion of flight
 Y - a potion of might


   Skills:
 + Level 2.7 Fighting
 + Level 3.1 Short Blades
 + Level 2.4(2.6) Axes
 + Level 1.2(2.0) Maces & Flails
 + Level 4.6 Dodging
 + Level 8.2 Stealth
 + Level 7.3 Shields
 * Level 14.1 Spellcasting
 + Level 13.3 Conjurations
 + Level 3.9 Hexes
 + Level 4.2 Summonings
 + Level 6.1 Translocations
 * Level 11.2 Fire Magic
 + Level 1.4 Ice Magic
 + Level 4.9 Air Magic
 + Level 1.2 Earth Magic
 - Level 5.0 Poison Magic
 * Level 9.3 Invocations
 + Level 0.4 Evocations


You had 5 spell levels left.
You knew the following spells:

 Your Spells              Type           Power      Damage    Failure   Level
a - Foxfire               Conj/Fire      100%       2x1d9     0%          1
b - Flame Wave            Conj/Fire      45%        2d12      1%          4
c - Inner Flame           Hex/Fire       31%        N/A       1%          3
d - Blink                 Tloc           54%        N/A       1%          2
e - Scorch                Fire           84%        2d9       1%          2
f - Stone Arrow           Conj/Erth      62%        3d10      1%          3
g - Mephitic Cloud        Conj/Pois/Air  32%        N/A       1%          3
h - Call Imp              Summ           22%        N/A       1%          2
i - Hailstorm             Conj/Ice       31%        3d8       1%          3
j - Iskenderun's Mystic   Conj/Tloc      38%        2d9       1%          4
k - Starburst             Conj/Fire      22%        6d8       5%          6
l - Fireball              Conj/Fire      22%        3d10      1%          5

Your spell library contained the following spells:

 Spells                   Type           Power      Damage    Failure   Level
 Magic Dart               Conj           100%       1d8       0%          1
 Sting                    Tmut/Pois      68%        1d6       1%          1
 Lesser Beckoning         Tloc           54%        N/A       1%          2
 Momentum Strike          Conj/Tloc      76%        3d10      1%          2
 Poisonous Vapours        Pois/Air       48%        N/A       1%          2
 Static Discharge         Conj/Air       72%        2-5/arc   1%          2
 Dazzling Flash           Conj/Hex       70%        N/A       1%          3
 Gell's Gravitas          Tloc           27%        N/A       1%          3
 Ignite Poison            Fire/Tmut/Pois 25%        N/A       1%          3
 Kindle Blastsparks       Fire/Tloc/Air  62%        2d15      1%          3
 Vhi's Electric Charge    Tloc/Air       52%        N/A       1%          3
 Fulminant Prism          Conj/Hex       17%        3d10      1%          4
 Sticky Flame             Conj/Fire      45%        2d6       1%          4
 Iskenderun's Battlesphe  Conj           48%        2d10      1%          5
 Freeze                   Ice            56%        1d7       2%          1
 Arcjolt                  Conj/Air       18%        1d28      3%          5
 Lightning Bolt           Conj/Air       18%        1d32      3%          5
 Manifold Assault         Tloc           27%        N/A       4%          4
 Olgreb's Toxic Radiance  Pois           24%        N/A       8%          4
 Sublimation of Blood     Necr           10%        N/A       10%         2
 Wereblood                Tmut           10%        N/A       10%         2
 Frozen Ramparts          Ice            28%        1d5       11%         3
 Freezing Cloud           Conj/Ice/Air   14%        6-21      12%         5
 Cause Fear               Hex            10%        N/A       13%         4
 Summon Ice Beast         Ice/Summ       18%        N/A       21%         4
 Leda's Liquefaction      Hex/Erth       8%         N/A       24%         4
 Ice Form                 Ice/Tmut       12%        N/A       47%         4
 Dispel Undead            Necr           10%        3d9       58%         4
 Alistair's Intoxication  Tmut/Pois      11%        N/A       58%         5
 Yara's Violent Unravell  Hex/Tmut       7%         3d5       67%         5
 Lee's Rapid Deconstruct  Erth           6%         3d6*      77%         5
 Blade Hands              Tmut           5%         N/A       91%         5
 Conjure Ball Lightning   Conj/Air       18%        3x3d6     24%         6
 Orb of Destruction       Conj           24%        9d9       24%         7
 Dispersal                Tloc           13%        N/A       67%         6
 Spellforged Servitor     Conj/Summ      17%        N/A       87%         7
 Ignition                 Fire           21%        3d8       99%         8
 Simulacrum               Ice/Necr       6%         N/A       100%        6
 Statue Form              Tmut/Erth      8%         N/A       100%        6
 Dragon Form              Tmut           5%         N/A       100%        7
 Summon Hydra             Summ           11%        N/A       100%        7
 Disjunction              Tloc           13%        N/A       100%        8
 Lehudib's Crystal Spear  Conj/Erth      15%        10d5      100%        8
 Necromutation            Tmut/Necr      5%         N/A       100%        8
 Chain Lightning          Conj/Air       18%        3d24      100%        9
 Dragon's Call            Summ           11%        N/A       100%        9
 Fire Storm               Conj/Fire      22%        8d6       100%        9
 Polar Vortex             Ice            7%         N/A       100%        9
 Animate Armour           Summ/Erth      Unusable   N/A       N/A         4

Dungeon Overview and Level Annotations

Branches:
Dungeon (13/15)            Temple (0/1) D:6            Lair (5/5) D:11
 Shoals (0/4) Lair:2        Snake (2/4) Lair:2        Slime (0/5) Lair:5
    Orc (2/2) D:9             Elf (0/3) Orc:2       Volcano (visited)
 Vaults: D:13-14

Altars:
Elyvilon
Makhleb
Nemelex Xobeh
Qazlal
Ru
Sif Muna
Trog
Uskayaw
Vehumet
Wu Jian
Yredelemnul

Shops:
D:7 *   D:8 ?   D:10 ?   D:11 =   Orc:2 [:(*

Portals:
Hell: Lair:5

Annotations:
Snake:1 Aizul


Innate Abilities, Weirdness & Mutations

You cannot wear most types of armour.
You are amphibious.
You can wear up to eight rings at the same time.
Your skin changes colour to match your surroundings (Stealth+).
Your rubbery body absorbs attacks. (AC +1, EV +1)
((You are camouflaged when in or above water. (Stealth+)))
You have tentacles for arms and can constrict up to eight enemies at once.
One of your tentacles bears a spike.
You are agile. (Dex +4, Str/Int -1)
[You are very frail. (-20% HP)]
[Your spells are easier to cast, but less powerful.]


Message History

Unknown command.
As you read the scroll of teleportation, it crumbles to dust.
You feel strangely unstable.
You feel the power of the Abyss delaying your translocation!
The rust devil hits you. The rust devil corrodes you!
The golden eye blinks at you. You resist with almost no effort.
The wretched star glows turbulently.
The lance of force hits you!!
Okay, then.
Okay, then.
You are confused.
You feel invigorated. The golden eye blinks at you.
You are more confused.
The golden eye blinks!
The rust devil hits you.
A large abomination comes into view.
The golden eye blinks at you.
You are more confused.
Okay, then.
Unknown command.
Unknown command.
Unknown command.
Unknown command.
Unknown command.
You bump into the stone wall.
The rust devil hits you! The golden eye blinks at you.
You resist with some effort. The golden eye blinks at you.
You easily resist.
A dire elephant skeleton comes into view.
The wretched star glows turbulently.
The lance of force hits you!
* * * LOW HITPOINT WARNING * * *
You are knocked back by the lance of force.
You slam into the crystal wall!
* * * LOW HITPOINT WARNING * * *
The wretched star glows turbulently.
The lance of force hits you!
You die...

. .. . .. . . .
##.) ... . X. .
.#. . . ## # .
. #.# . .. .
#####XZ#.......
#@4G3...#. #
#**G##X.# .# #
. #.#.# ##.###
.. . ###...####
. ..###.# # . #
###.# # ##.. ##
.# #.#..#. # #
φ# #. # . # #


You could see a tentacled starspawn (wandering), 2 wretched stars, a large
abomination (wandering), a rust devil, a neqoxec, 2 golden eyes and a dire
elephant skeleton.

Vanquished Creatures
  Rupert (D:13)
  Frances (D:13)
  A tentacled starspawn (Abyss:3)
  Gastronok (Lair:1)
  Donald (Orc:2)
  A deep elf elementalist (Abyss:3)
  The ghost of MrShunz the Unseen, a journeyman VSBr of Uskayaw (Lair:5)
  An ettin (D:13)
  A rakshasa (Abyss:3)
  Harold (Lair:2)
  4 hydras
  2 boulder beetles
  An anaconda (Snake:2)
  7 death yaks
  4 two-headed ogres
  2 naga sharpshooters (Snake:2)
  A naga warrior (Snake:2)
  5 orc high priests (Orc:2)
  A sun demon (D:9)
  2 skysharks (Lair:5)
  2 sixfirhies
  A wizard (Lair:5)
  A deep elf pyromancer (D:9)
  A lindwurm (Lair:4)
  5 orc knights (Orc:2)
  3 cyclopes
  2 mana vipers (Snake:2)
  An elephant (shapeshifter) (D:13)
  3 manticores
  2 moths of wrath (Lair:5)
  3 black mambas
  Joseph (Lair:1)
  19 elephants
  9 cane toads
  A smoke demon (Abyss:3)
  3 gargoyles
  A torpor snail (shapeshifter) (D:10)
  2 orange demons (Lair:5)
  The ghost of MrShunz the Magician, a novice VSCj of Sif Muna (D:6)
  An unseen horror (D:13)
  A kobold demonologist (D:11)
  2 rime drakes
  Maggie (Lair:1)
  6 ice devils
  11 komodo dragons
  A wind drake (Lair:2)
  A harpy zombie (Abyss:3)
  2 red devils
  A hellwing (Lair:5)
  2 meliai (Lair:4)
  2 queen bees
  7 trolls
  2 polar bears
  Prince Ribbit (Lair:3)
  3 hornets
  26 blink frogs
  A harpy skeleton (Volcano)
  6 dream sheep (Lair:5)
  5 flying skulls
  22 slime creatures
  A vampire (D:12)
  49 yaks
  3 shadows (D:9)
  6 spriggans (Lair:5)
  An alligator skeleton (Volcano)
  4 wyverns
  12 vampire mosquitoes
  2 steam dragons
  Grum (D:11)
  3 golden eyes (Abyss:3)
  2 chaos spawn (Abyss:3)
  2 basilisks (Lair:2)
  3 neqoxecs (Abyss:3)
  4 nagas
  A warg (Orc:1)
  A two-headed ogre zombie (D:9)
  3 large abominations (Abyss:3)
  17 water moccasins
  5 hell hounds (Lair:5)
  24 orc warriors
  An ice beast (shapeshifter) (D:13)
  An ice beast (D:7)
  2 black bears
  3 centaurs
  6 wolves
  3 ogres
  2 kobold brigands (D:11)
  10 bullfrogs
  A gnoll sergeant (D:8)
  2 small abominations (Abyss:3)
  2 scorpions (D:6)
  A troll zombie (D:9)
  33 killer bees
  A howler monkey (D:12)
  A lava snake (Orc:2)
  A crimson imp (D:10)
  A jelly (D:5)
  33 orc priests
  A hound (D:4)
  3 gnoll boudas
  4 iguanas
  24 orc wizards
  A killer bee zombie (D:6)
  5 ogre zombies (D:9)
  A howler monkey zombie (D:6)
  27 gnolls
  5 adders
  An ufetubus (D:4)
  A worm (D:3)
  5 dart slugs
  67 orcs
  6 bats
  8 endoplasms
  4 giant cockroaches
  3 goblins
  5 hobgoblins
  2 jackals (D:2)
  18 kobolds
  4 quokkas
  6 ball pythons
  3 frilled lizards
  3 goblin skeletons (D:9)
  2 goblin zombies (D:9)
  2 hobgoblin zombies (D:9)
  2 orc skeletons (D:9)
  16 orc zombies (D:9)
  3 rats
684 creatures vanquished.

Vanquished Creatures (collateral kills)
  A skeletal warrior (Volcano)
  3 gargoyles (Volcano)
  An ogre zombie (D:9)
  An orc (D:12)
  3 foxfires
9 creatures vanquished.

Vanquished Creatures (others)
  The ghost of flt the Martial Artist, a journeyman DgTm (Lair:4)
  3 demonic plants (D:9)
  1282 foxfires
  23 fungi
  67 plants
  2 starspawn tentacles (Abyss:3)
1378 creatures vanquished.

Grand Total: 2071 creatures vanquished

Notes
Turn   | Place    | Note
-------+----------+-------------------------------------------
     0 | D:1      | Conn the Octopode Fire Elementalist began the quest for the
                  | Orb.
     0 | D:1      | Reached XP level 1. HP: 11/11 MP: 3/3
   172 | D:1      | Reached XP level 2. HP: 17/17 MP: 0/5
   687 | D:1      | Reached XP level 3. HP: 21/21 MP: 6/6
   690 | D:1      | Learned a level 2 spell: Scorch
   694 | D:1      | Learned a level 3 spell: Inner Flame
  1131 | D:2      | Found a faded altar of an unknown god.
  1457 | D:2      | Reached XP level 4. HP: 27/27 MP: 7/7
  1816 | D:3      | Reached skill level 1 in Short Blades
  2108 | D:3      | Reached XP level 5. HP: 31/31 MP: 9/9
  2326 | D:4      | Reached skill level 3 in Spellcasting
  2681 | D:4      | Reached XP level 6. HP: 36/36 MP: 10/10
  3352 | D:5      | Entered Level 5 of the Dungeon
  3352 | D:5      | Noticed a black bear
  3359 | D:5      | Killed a black bear
  3360 | D:5      | Reached skill level 5 in Stealth
  3488 | D:5      | Reached XP level 7. HP: 42/42 MP: 9/12
  3520 | D:5      | Reached skill level 4 in Spellcasting
  3752 | D:5      | Noticed a two-headed ogre
  3888 | D:6      | Reached skill level 1 in Hexes
  3888 | D:6      | Reached XP level 8. HP: 34/47 MP: 11/14
  3982 | D:6      | Reached skill level 5 in Fire Magic
  4166 | D:6      | Found a runed translucent gate.
  4166 | D:6      | Found a runed translucent gate.
  4166 | D:6      | Found a runed translucent gate.
  4166 | D:6      | Noticed MrShunz's ghost (novice VSCj)
  4168 | D:6      | Found a basalt altar of Yredelemnul.
  4180 | D:6      | Reached skill level 5 in Spellcasting
  4354 | D:6      | Found a shimmering blue altar of Sif Muna.
  4362 | D:6      | Became a worshipper of Sif Muna the Loreminder
  4781 | D:6      | Found a staircase to the Ecumenical Temple.
  4867 | D:6      | Killed MrShunz's ghost
  4868 | D:6      | Reached skill level 1 in Fighting
  4939 | D:7      | Reached XP level 9. HP: 53/53 MP: 15/17
  4944 | D:7      | Reached skill level 6 in Spellcasting
  4971 | D:7      | Learned a level 4 spell: Flame Wave
  4974 | D:7      | Learned a level 2 spell: Blink
  4978 | D:7      | Learned a level 3 spell: Stone Arrow
  5224 | D:7      | Learned a level 3 spell: Mephitic Cloud
  5227 | D:7      | Learned a level 2 spell: Call Imp
  5473 | D:7      | Found Laxol's General Store.
  5476 | D:7      | Bought a scroll of enchant armour for 90 gold pieces
  5559 | D:7      | Found a stormy altar of Qazlal.
  5785 | D:8      | Found Vozulypn's Magic Scroll Shoppe.
  5803 | D:8      | Reached skill level 1 in Air Magic
  5821 | D:8      | Reached skill level 1 in Translocations
  5844 | D:8      | Reached skill level 1 in Summonings
  5844 | D:8      | Reached skill level 1 in Poison Magic
  5885 | D:8      | Reached * piety under Sif Muna
  6322 | D:8      | Reached skill level 7 in Spellcasting
  6391 | D:8      | Reached XP level 10. HP: 58/58 MP: 20/20
  6416 | D:8      | Learned a level 3 spell: Hailstorm
  6505 | D:9      | Found a sacrificial altar of Ru.
  6558 | D:9      | Reached ** piety under Sif Muna
  6617 | D:9      | Reached XP level 11. HP: 58/63 MP: 15/21
  6720 | D:9      | Found a staircase to the Orcish Mines.
  6720 | D:9      | Noticed a deep elf pyromancer
  6726 | D:9      | Killed a deep elf pyromancer
  6882 | D:9      | Reached *** piety under Sif Muna
  6924 | D:9      | Found an ornate altar of the Wu Jian Council.
  6963 | D:9      | Noticed a two-headed ogre
  6974 | D:9      | Killed a two-headed ogre
  7160 | D:9      | Found a sparkling altar of Nemelex Xobeh.
  7218 | D:9      | Noticed a sun demon
  7237 | D:9      | Killed a sun demon
  7256 | D:10     | Entered Level 10 of the Dungeon
  7412 | D:10     | Noticed a death drake
  7525 | D:10     | Found a white marble altar of Elyvilon.
  7527 | D:10     | Found a hide-covered altar of Uskayaw.
  7535 | D:10     | Noticed a two-headed ogre
  7543 | D:10     | Killed a two-headed ogre
  7544 | D:10     | Reached skill level 8 in Spellcasting
  7641 | D:10     | Found Piomn's Magic Scroll Boutique.
  8153 | D:10     | Noticed a steelbarb worm
  8191 | Orc:1    | Entered Level 1 of the Orcish Mines
  8503 | Orc:2    | Entered Level 2 of the Orcish Mines
  8582 | Orc:2    | Reached XP level 12. HP: 69/69 MP: 12/24
  8830 | Orc:2    | Reached **** piety under Sif Muna
  8870 | Orc:2    | Noticed an orc high priest
  9024 | Orc:1    | Learned a level 4 spell: Iskenderun's Mystic Blast
  9036 | Orc:2    | Killed an orc high priest
  9037 | Orc:2    | Reached skill level 5 in Poison Magic
  9536 | Orc:2    | Found a staircase to the Elven Halls.
  9652 | Orc:2    | Noticed Donald
  9652 | Orc:2    | Noticed an orc high priest
  9910 | Orc:1    | Gained mutation: Your body sometimes deteriorates upon
                  | taking damage. [potion of mutation]
  9910 | Orc:1    | Gained mutation: You are partially covered in large bone
                  | plates. (SH +4) [potion of mutation]
  9967 | Orc:2    | Killed Donald
  9968 | Orc:2    | Reached skill level 9 in Spellcasting
 10070 | Orc:2    | Noticed an orc high priest
 10255 | Orc:2    | Noticed a sun demon
 10257 | Orc:2    | Killed an orc high priest
 10611 | Orc:2    | Noticed an orc high priest
 10612 | Orc:2    | Noticed an orc high priest
 10626 | Orc:2    | Noticed a sun demon
 10627 | Orc:2    | Killed an orc high priest
 10628 | Orc:2    | Reached skill level 1 in Shields
 10644 | Orc:2    | Killed an orc high priest
 10644 | Orc:2    | Reached ***** piety under Sif Muna
 10645 | Orc:2    | Reached skill level 1 in Maces & Flails
 10645 | Orc:2    | Reached skill level 1 in Invocations
 10954 | Orc:2    | Received a gift from Sif Muna
 10970 | Orc:2    | Killed an orc high priest
 11025 | Orc:2    | Got Jaypefe's Excursus on Dynamic Cryomancy {god gift}
 11343 | Orc:2    | Found Humm's Assorted Antiques.
 11343 | Orc:2    | Found Jievase's Antique Weapon Boutique.
 11344 | Orc:2    | Found Qongopn's Book Shop.
 11344 | Orc:2    | Found Xixaix's Antique Armour Boutique.
 11351 | Orc:2    | Bought a bronze ring for 150 gold pieces
 11357 | Orc:2    | Bought a steaming war axe for 246 gold pieces
 11357 | Orc:2    | Identified the +4 war axe "Zowkos" {pain, Contam Dex+6
                  | SInv} (You bought it in a shop on level 2 of the Orcish
                  | Mines)
 11363 | Orc:2    | Bought a book of the Warp for 756 gold pieces
 11849 | D:10     | Found a burning altar of Makhleb.
 11850 | D:10     | Found a radiant altar of Vehumet.
 11989 | D:10     | Noticed a shock serpent
 12176 | D:10     | Noticed a shock serpent
 12177 | D:10     | a shock serpent changed into a torpor snail
 12369 | D:11     | Reached skill level 1 in Earth Magic
 12381 | D:11     | Found Ibyes's Jewellery Boutique.
 12387 | D:11     | Reached skill level 10 in Spellcasting
 12398 | D:11     | Reached XP level 13. HP: 74/74 MP: 4/27
 12444 | D:11     | Bought a ring of magical power for 320 gold pieces
 12856 | D:11     | Noticed Grum
 12864 | D:11     | Killed Grum
 12988 | D:11     | Found a staircase to the Lair.
 13219 | D:11     | Learned a level 6 spell: Starburst
 13843 | D:12     | Reached skill level 11 in Spellcasting
 14044 | D:12     | You fall into a shaft and drop 1 floor!
 14107 | D:12     | Received a gift from Sif Muna
 14126 | D:12     | Got Sif Muna's Vellum of the Chilly Door {god gift}
 14962 | Lair:1   | Entered Level 1 of the Lair of Beasts
 14986 | Lair:1   | Noticed Gastronok
 15001 | Lair:1   | Killed Gastronok
 15002 | Lair:1   | Noticed Joseph
 15037 | Lair:1   | Killed Joseph
 15241 | Lair:1   | Noticed Maggie
 15252 | Lair:1   | Killed Maggie
 15267 | Lair:1   | Found a dark tunnel.
 15308 | Lair:1   | Reached XP level 14. HP: 81/81 MP: 29/29
 15475 | Volcano  | Entered a volcano
 15574 | Volcano  | Reached skill level 5 in Invocations
 15590 | Volcano  | Reached skill level 5 in Shields
 16131 | Lair:2   | Reached skill level 12 in Spellcasting
 16141 | Lair:2   | Noticed Harold
 16155 | Lair:2   | Killed Harold
 16226 | Lair:2   | Reached skill level 1 in Ice Magic
 16401 | Lair:2   | Reached skill level 5 in Translocations
 16644 | Lair:2   | Found a staircase to the Shoals.
 16786 | Lair:2   | Found a staircase to the Snake Pit.
 17121 | Lair:2   | Identified the +4 ring mail of the Shore {rF+}
 17142 | Lair:3   | Noticed Prince Ribbit
 17149 | Lair:3   | Killed Prince Ribbit
 17157 | Lair:3   | Reached skill level 1 in Axes
 17650 | Lair:3   | Lost mutation: Your body sometimes deteriorates upon taking
                  | damage. [potion of mutation]
 17650 | Lair:3   | Lost mutation: You are partially covered in large bone
                  | plates. (SH +4) [potion of mutation]
 17650 | Lair:3   | Gained mutation: Your body sometimes deteriorates upon
                  | taking damage. [potion of mutation]
 17650 | Lair:3   | Gained mutation: You are agile. (Dex +4, Str/Int -1)
                  | [potion of mutation]
 17650 | Lair:3   | Gained mutation: You are strong-willed. (Will+) [potion of
                  | mutation]
 17651 | Lair:3   | Lost mutation: You are strong-willed. (Will+) [potion of
                  | mutation]
 17651 | Lair:3   | Lost mutation: Your body sometimes deteriorates upon taking
                  | damage. [potion of mutation]
 17651 | Lair:3   | Gained mutation: One of your tentacles bears a spike.
                  | [potion of mutation]
 18062 | Lair:4   | Reached skill level 10 in Fire Magic
 18482 | Lair:4   | Received a gift from Sif Muna
 18483 | Lair:4   | Got Sif Muna's Tome of Twisted Changes {god gift}
 18818 | Lair:4   | Found a transporter.
 18822 | Lair:4   | Found a transporter.
 18826 | Lair:4   | Noticed flt's ghost (journeyman DgTm)
 18837 | Lair:4   | Killed flt's ghost
 19092 | Lair:5   | Entered Level 5 of the Lair of Beasts
 19109 | Lair:5   | Reached XP level 15. HP: 83/85 MP: 16/31
 19339 | Lair:5   | Found a bloodstained altar of Trog.
 19341 | Lair:5   | Noticed MrShunz's ghost (journeyman VSBr)
 19346 | Lair:5   | Found a transporter.
 19358 | Lair:5   | Found a transporter.
 19400 | Lair:5   | Reached skill level 13 in Spellcasting
 19422 | Lair:5   | Killed MrShunz's ghost
 19874 | Lair:5   | Found a staircase to the Slime Pits.
 20013 | Lair:5   | Found the +1 robe of Vines {NoPotionHeal Regen++++}
 20549 | Lair:5   | Received a gift from Sif Muna
 20791 | Lair:5   | Found a burning altar of Makhleb.
 20804 | Lair:5   | Found a gateway to Hell.
 20984 | Snake:1  | Entered Level 1 of the Snake Pit
 20984 | Snake:1  | You are sucked into a shaft and drop 1 floor!
 21117 | Snake:1  | Noticed Aizul
 21353 | D:13     | Noticed Frances
 21370 | D:13     | Killed Frances
 21425 | D:13     | Noticed Rupert
 21435 | D:13     | Killed Rupert
 21528 | D:13     | Reached XP level 16. HP: 91/91 MP: 33/33
 21708 | D:13     | Learned a level 5 spell: Fireball
 21900 | Abyss:3  | Cast into level 3 of the Abyss (a wizard)
 22042 | Abyss:3  | Noticed a tentacled starspawn
 22049 | Abyss:3  | Killed a tentacled starspawn
 22050 | Abyss:3  | Reached skill level 14 in Spellcasting
 22184 | Abyss:3  | Noticed a tentacled starspawn
 22188 | Abyss:3  | HP: 3/72 [crystal wall collision (9)]
 22188 | Abyss:3  | Killed from afar by a wretched star

Illustrated notes

Levels and vault maps discovered:
D:1:      spicycebolla_arrival_risky_transporter, layout_loops_ring,
          serial_glass, glass_columns_b, glass_columns_a, item_on_display_a,
          minmay_strange_pillars, feat_on_display, item_on_display_a
D:2:      layout_rooms, hellmonk_ecumenical_altar_slurped_away
D:3:      layout_loops_ring
D:4:      nicolae_BIG_FREAKIN_CUBE, layout_loops_corners
D:5:      layout_basic
D:6:      layout_loops_ring, nicolae_yredelemnul_ghost_church,
          mainiacjoe_overflow_small_starburst, temple_hall
D:7:      layout_basic, marbit_many_paths, serial_shops,
          nicolae_shop_behind_doors
D:8:      layout_basic, serial_shops, nicolae_shop_advertising_works
          [nicolae_subvault_shop_adworks]
D:9:      layout_long_grid, mainiacjoe_overflow_cross_hatched,
          mainiacjoe_overflow_alcove_1, mainiacjoe_overflow_boulevard,
          zombieorc2_lemuel, serial_demonic, serial_demonic_b, serial_demonic_e,
          serial_demonic_b, serial_demonic_f, hex_medium, corexii_corridor_pit,
          minmay_misc_feat_four_crosses
D:10:     layout_loops_ring, grunt_temple_overflow_lords_of_destruction,
          chequers_temple_overflow_statue_of_worship, serial_shops,
          nicolae_shop_hallway_plus
D:11:     layout_long_grid, david_lair_shrubbed, serial_shops, shop_fountains,
          uniq_grum
D:12:     layout_loops_ring, grunt_ministairs_8, uniq_maurice
D:13:     layout_cave_pods, david_vaults_4, uniq_frances, uniq_rupert
Lair:1:   layout_hall_layers, enter_volcano_1, minmay_holes, uniq_gastronok,
          uniq_joseph, uniq_maggie
Lair:2:   layout_cellular_growth, minmay_shoals_entry_beasts,
          guppyfry_snake_entry_garden, special_room [special_room_bee],
          uniq_harold
Lair:3:   layout_chaotic_city, uniq_prince_ribbit2
Lair:4:   layout_roguey, gammafunk_ghost_hive, serial_bayou_pond_d,
          infiniplex_staircase_pool_2
Lair:5:   evil_forest, layout_big_grid, slime_entry_1,
          gammafunk_ghost_wrathful_warriors
Snake:1:  layout_chambers, nicolae_snake_the_dead_are_slithering, uniq_aizul,
          uniq_kirke
Snake:2:  cheibrodos_forgotten_conduit, layout_cave_pods, minmay_shoptagon
Orc:1:    layout_caves
Orc:2:    st_orc_pillars, layout_diamond_mine, nicolae_orc_lava_tube,
          nicolae_orc_tapped_out, uniq_donald
Abyss:3:  base: D:6, evilmike_abyss_rune_siren_acolytes,
          evilmike_abyss_rune_siren_acolytes

Skill      XL: |  1  2  3  4  5  6  7  8  9 10 11 12 13 14 15 16 |
---------------+-------------------------------------------------+-----
Stealth        | 3 4 5 6 7 8 |  8.2
Short Blades   | 1 2 3 |  3.1
Fire Magic     | 4 5 6 7 8 9 10 11 | 11.2
Spellcasting   | 3 4 5 7 8 10 11 12 13 14 | 14.1
Conjurations   | 2 3 11 12 13 | 13.3
Hexes          | 1 2 3 |  3.9
Fighting       | 1 2 |  2.7
Dodging        | 3 4 |  4.6
Air Magic      | 1 2 3 4 |  4.9
Translocations | 1 3 4 5 6 |  6.1
Summonings     | 1 3 4 |  4.2
Poison Magic   | 2 4 5 |  5.0
Shields        | 2 4 6 7 |  7.3
Maces & Flails | 1 |  1.2
Invocations    | 2 4 6 9 |  9.3
Earth Magic    | 1 |  1.2
Ice Magic      | 1 |  1.4
Axes           | 2 |  2.4
Evocations     | |  0.4

Action                     |  1- 3 |  4- 6 |  7- 9 | 10-12 | 13-15 | 16-18 || total
---------------------------+-------+-------+-------+-------+-------+-------++-------
  Melee: Tentacles         |     4 |    11 |    12 |     6 |    12 |     1 ||    46
         Short sword       |     2 |       |       |       |       |       ||     2
         Unarmed           |     1 |       |       |       |       |       ||     1
         Dagger            |    22 |    47 |    53 |    16 |       |       ||   138
         Constrict         |     5 |    12 |    13 |     7 |     5 |     1 ||    43
         Punch             |       |       |     1 |       |     1 |       ||     2
         Morningstar       |       |       |       |    29 |       |       ||    29
         War axe           |       |       |       |       |    39 |     2 ||    41
         Kick              |       |       |       |       |     8 |       ||     8
   Cast: Foxfire           |    44 |    29 |    85 |   333 |   226 |     6 ||   723
         Scorch            |       |     8 |    41 |   119 |   204 |    10 ||   382
         Inner Flame       |       |     1 |    15 |    31 |    22 |       ||    69
         Flame Wave        |       |       |     1 |    21 |    64 |       ||    86
         Mephitic Cloud    |       |       |     1 |    33 |    60 |     3 ||    97
         Call Imp          |       |       |       |     6 |     4 |       ||    10
         Hailstorm         |       |       |       |    14 |    60 |     1 ||    75
         Blink             |       |       |       |    13 |    28 |     1 ||    42
         Stone Arrow       |       |       |       |     7 |    11 |    14 ||    32
         Iskenderun's Myst |       |       |       |    25 |   131 |     7 ||   163
         Starburst         |       |       |       |       |    16 |    12 ||    28
         Fire Storm        |       |       |       |       |     1 |       ||     1
         Fireball          |       |       |       |       |       |    16 ||    16
 Invoke: Channel Magic     |       |       |       |       |     8 |     1 ||     9
         Divine Exegesis   |       |       |       |       |     1 |       ||     1
  Evoke: Wand              |       |       |       |     5 |     1 |       ||     6
    Use: Potion            |       |       |     3 |    13 |    17 |     4 ||    37
         Scroll            |       |       |    17 |     5 |    17 |     1 ||    40
   Stab: Sleeping          |     4 |    13 |     8 |       |     1 |       ||    26
         Confused          |       |       |       |     3 |     1 |       ||     4
         Invisible         |       |       |       |     1 |       |       ||     1
 Armour: Skin              |     3 |     3 |     3 |    31 |    35 |     2 ||    77
  Dodge: Dodged            |    13 |    33 |    41 |    56 |   112 |     8 ||   263
  Block: Kite shield       |       |       |       |    19 |   205 |    18 ||   242
         Other             |       |       |       |     1 |       |       ||     1

Table legend: (Time is in decaauts)
 A = Elapsed time spent in this place.
 B = Non-inter-level travel time spent in this place.
 C = Inter-level travel time spent in this place.
 D = Time resting spent in this place.
 E = Time spent auto-exploring this place.
 F = Levels seen in this place.
 G = Mean time per level.
                   A        B        C        D        E       F      G
               +--------+--------+--------+--------+--------+-----+--------+
         Total |  22153 |  21614 |    539 |   1655 |  12291 |  24 |  923.0 |
       Dungeon |  12006 |  11669 |    337 |    486 |   7498 |  13 |  923.5 |
          Lair |   5761 |   5590 |    171 |    154 |   3466 |   5 | 1152.2 |
     Snake Pit |    156 |    156 |      0 |     37 |      0 |   2 |   78.0 |
  Orcish Mines |   3572 |   3542 |     30 |    838 |   1326 |   2 | 1786.0 |
         Abyss |    288 |    288 |      0 |      0 |      0 |   1 |  288.0 |
       Volcano |    368 |    368 |      0 |    140 |      0 |   1 |  368.0 |
               +--------+--------+--------+--------+--------+-----+--------+

Top non-repeatable levels by time:
   Orc:2: 2382 daAuts
  Lair:5: 1699 daAuts
    D:12: 1551 daAuts
  Lair:4: 1286 daAuts
     D:9: 1268 daAuts
   Orc:1: 1190 daAuts
    D:11: 1158 daAuts
     D:6: 1118 daAuts
  Lair:2: 1104 daAuts
     D:1: 1086 daAuts
     D:4: 1060 daAuts
    D:10: 1019 daAuts
  Lair:3: 897 daAuts
     D:8: 838 daAuts
  Lair:1: 773 daAuts
